 Dungeon Crawl Stone Soup version 0.26-a0-1132-ge9770dfcb6 (webtiles) character file.

Game seed: 11803558785349575144

130 stormannn the Skirmisher (level 4, -1/40 HPs)
             Began as a Minotaur Abyssal Knight on Dec 19, 2020.
             Was a Believer of Lugonu.
             Killed from afar by an orc wizard (7 damage)
             ... with a magic dart
             ... on level 3 of the Dungeon.
             The game lasted 00:02:43 (2198 turns).

stormannn the Skirmisher (Minotaur Abyssal Knight)  Turns: 2198, Time: 00:02:45

Health: -1/40      AC:  4    Str: 18    XL:     4   Next: 89%
Magic:  4/4        EV: 16    Int:  9    God:    Lugonu [**....]
Gold:   196        SH:  0    Dex:  9    Spells: 3/3 levels left

rFire    + . .     SeeInvis .   r - +3 quarterstaff (spect)
rCold    . . .     Faith    .   (shield currently unavailable)
rNeg     . . .     Spirit   .   b - +0 leather armour
rPois    .         Reflect  .   (helmet restricted)
rElec    .         Harm     .   e - +0 cloak
rCorr    .         Rampage  .   (no gloves)
Will     .....                  (no boots)
Stlth    +.........             (no amulet)
HPRegen  0.13/turn              j - +4 ring of evasion
MPRegen  0.09/turn              l - ring of protection from fire

@: mighty, lethally poisoned (-1 -> -15)
A: retaliatory headbutt, horns 2
a: Renounce Religion, Depart the Abyss, Bend Space


You were on level 3 of the Dungeon.
You worshipped Lugonu.
Lugonu was pleased with you.
You visited 1 branch of the dungeon, and saw 3 of its levels.
You visited the Abyss 1 time.

You collected 196 gold pieces.

Inventory:

Hand Weapons
 a - a +1 spear
 r - a +3 spectral quarterstaff (weapon)
Missiles
 k - 6 silver javelins
Armour
 b - a +0 leather armour (worn)
 e - a +0 cloak (worn)
Jewellery
 j - a +4 ring of evasion (left hand)
 l - a ring of protection from fire (right hand)
Scrolls
 d - a scroll of teleportation {unknown}
 f - 2 scrolls of enchant weapon {unknown}
 g - 2 scrolls of magic mapping {unknown}
 h - 4 scrolls of identify {unknown}
 n - 2 scrolls of amnesia {unknown}
 o - a scroll of noise {unknown}
 p - a scroll of enchant armour {unknown}
 q - a scroll of remove curse {unknown}
Potions
 i - a potion of flight {unknown}
 m - a potion of curing {unknown}
 s - a potion of brilliance {unknown}


   Skills:
 + Level 4.3 Fighting
 - Level 3.9(4.0) Polearms
 * Level 0.7(2.5) Staves
 + Level 3.3 Armour
 + Level 2.3 Dodging
 + Level 2.5 Invocations


You had 3 spell levels left.
You didn't know any spells.
Your spell library was empty.

Dungeon Overview and Level Annotations

Branches:
Dungeon (3/15)

Altars:
Cheibriados
Dithmenos
Elyvilon
Wu Jian


Innate Abilities, Weirdness & Mutations

You reflexively headbutt those who attack you in melee.
You have a pair of horns on your head.


Message History

There is an open door here.
Things that are here:
a +0 mace; an orc corpse You barely miss the orc wizard.
Your headbutt misses the orc wizard.
The orc wizard is lightly wounded.
You feel sick. The orc wizard casts a spell at you. The magic dart hits you.
* * * LOW HITPOINT WARNING * * *
The orc wizard hits you with a +0 dagger of venom.
* * * LOW HITPOINT WARNING * * *
You are more poisoned.
It was a potion of might.
You feel very mighty all of a sudden.
* * * LOW HITPOINT WARNING * * *
You feel sick. The orc wizard barely misses you.
You hear some strange, mumbled words.
A magic dart appears from out of thin air!
The magic dart hits you!
You die...

....... #............
....... #............
.......########............
.............†.............
...........†.)........#####
......................#
.......###.g###.......#
......†..S{o..#.......#
........##@##.h.......#
........#...#.........#
........#.⌠.#..#######
........#...#..#
..###...##+##.)# . #....
.o.o #.[.. ..{.. .....
...o...


You could see an orc wizard (fast), an adder and a goblin.

Vanquished Creatures
  Jessica (D:2)
  An iguana (D:2)
  2 adders
  2 dart slugs
  5 leopard geckos
  3 orcs (D:3)
  4 bats
  7 goblins
  9 hobgoblins
  6 kobolds
  A quokka (D:3)
  A frilled lizard (D:3)
  4 rats
46 creatures vanquished.

Notes
Turn   | Place    | Note
-------+----------+-------------------------------------------
     0 | Abyss:1  | stormannn the Minotaur Abyssal Knight began the quest for
                  | the Orb.
     0 | Abyss:1  | Reached XP level 1. HP: 19/19 MP: 1/1
     0 | D:1      | Escaped the Abyss
   445 | D:1      | Reached XP level 2. HP: 27/27 MP: 2/2
   493 | D:1      | Reached * piety under Lugonu
   971 | D:2      | Found an ornate altar of the Wu Jian Council.
   998 | D:2      | Noticed Jessica
  1001 | D:2      | Killed Jessica
  1002 | D:2      | Reached skill level 4 in Fighting
  1002 | D:2      | Reached XP level 3. HP: 33/33 MP: 3/3
  1105 | D:2      | Found a snail-covered altar of Cheibriados.
  1732 | D:2      | Reached XP level 4. HP: 40/40 MP: 4/4
  1978 | D:3      | Found a shadowy altar of Dithmenos.
  2040 | D:3      | Found a white marble altar of Elyvilon.
  2171 | D:3      | Reached ** piety under Lugonu
  2198 | D:3      | Killed from afar by an orc wizard

Illustrated notes

Levels and vault maps discovered:
D:1:      evilmike_arrival_crescent, layout_loops_ring,
          chequers_serial_rivers_room_b, minmay_split_cup_small
D:2:      layout_loops_corners, general_overflow_altar, cheibriados_altar_1,
          uniq_jessica
D:3:      layout_basic, nicolae_overflow_hidden_temple, elyvilon_altar_5,
          nicolae_ru_the_path_less_chosen, minmay_misc_feat_room,
          uniq_crazy_yiuf_cottage

Skill      XL: |  1  2  3 |
---------------+----------+-----
Invocations    | 2 |  2.5
Polearms       | 3 |  3.9
Fighting       | 4 |  4.3
Armour         | 3 |  3.3
Dodging        | 2 |  2.3
Staves         | |  0.7

Action                   |  1- 3 |  4- 6 || total
-------------------------+-------+-------++-------
Melee: Spear             |    82 |    26 ||   108
       Headbutt          |     7 |     5 ||    12
       Quarterstaff      |       |    19 ||    19
Invok: Depart the Abyss  |     1 |       ||     1
  Use: Potion            |       |     1 ||     1
Armor: Leather armour    |    18 |    17 ||    35
Dodge: Dodged            |    38 |    42 ||    80

Table legend: (Time is in decaauts)
 A = Elapsed time spent in this place.
 B = Non-inter-level travel time spent in this place.
 C = Inter-level travel time spent in this place.
 D = Time resting spent in this place.
 E = Time spent auto-exploring this place.
 F = Levels seen in this place.
 G = Mean time per level.
                   A        B        C        D        E       F      G
               +--------+--------+--------+--------+--------+-----+--------+
         Total |   2197 |   2113 |     84 |     61 |   1778 |   4 |  549.2 |
       Dungeon |   2197 |   2113 |     84 |     61 |   1778 |   3 |  732.3 |
         Abyss |      0 |      0 |      0 |      0 |      0 |   1 |    0.0 |
               +--------+--------+--------+--------+--------+-----+--------+

Top non-repeatable levels by time:
     D:2: 997 daAuts
     D:1: 957 daAuts
     D:3: 243 daAuts
